AoeStats
← Cheese Burgurs

Arabia

510097625Analyzed
1v1 RM · 3d ago on Sep 29, 2026· 42m 52s· 2 players
Game mode
Random Map
Map size
Tiny (2 player)
Population
200
Speed
Normal
Resources
Standard
Victory
Conquest
Starting age
Dark Age
Ending age
Imperial Age
RankedLock teamsTeams togetherTeam positionsShared explorationLock speedFull tech treeHidden civsTurbo modeCheats
Victory
Defeat
🇧🇪 Saxons · Belgium
1338
+15
🇻🇳 Burgundians · Vietnam
1315
-15
Cheese Burgurs
6:20 Double-Bit Axe
7:10 Loom
9:46 Feudal Age
10:46 Bow Saw
10:17 Horse Collar
13:13 Gold Mining
13:14 Stone Mining
14:06 Heavy Plow
14:44 Gold Shaft Mining
15:45 Fletching
22:04 Castle Age
21:10 Scale Barding Armor
26:44 Wheelbarrow
26:21 Cavalier
28:26 Husbandry
32:50 Hand Cart
39:25 Imperial Age
37:52 Forging
Lautre nexistpa
7:18 Loom
10:02 Feudal Age
10:46 Double-Bit Axe
10:42 Horse Collar
17:22 Padded Archer Armor
17:12 Fletching
21:32 Castle Age
19:34 Gold Mining
20:48 Scale Mail Armor
20:59 Forging
22:35 Bow Saw
22:38 Squires
22:25 Gambesons
31:13 Heavy Plow
31:09 Pikeman
33:27 Wheelbarrow
32:45 Stone Mining
36:20 Hand Cart
38:39 Imperial Age
35:56 Town Watch
36:20 Crossbowman
37:05 Thumb Ring
37:46 Chain Mail Armor
38:07 Iron Casting
39:00 Gold Shaft Mining
39:11 Shield Wall
41:02 Plate Mail Armor
40:28 Halberdier
41:07 Arson
41:49 Masonry
41:20 Treadmill Crane
Connection lost

Rejoining the realm…

Still unreachable

The connection could not be restored.

Session expired

The server has moved on; the page needs a fresh start.